Map: Apotheosis LE

Players

Pere - Winner!

  • Race: Protoss Protoss
  • League: Diamond

PassiveFist

  • Race: Zerg Zerg
  • League: Platinum

VOD

Have the link to the VOD?

Description

diamond OR MASTER?

Time

  • Played on: July 29, 2016, 4:31 p.m.
  • Length: 12:18
Show
View Real Time Build Order
Export as new Build Order

Pere Protoss - Winner!

Build Orders: 1 Gate Expand, Colossus Rush 

Get SALT Encoding   

  12  0:01  Probe (Chrono Boost)  
  13  0:12  Probe (Chrono Boost)  
  14  0:18  Pylon  
  14  0:22  Probe (Chrono Boost)  
  15  0:36  Gateway  
  15  0:38  Probe (Chrono Boost)  
  16  0:49  Probe (Chrono Boost)  
  17  0:56  Assimilator  
  17  0:59  Probe (Chrono Boost)  
  18  1:19  Nexus  
  18  1:31  Cybernetics Core  
  18  1:34  Probe (Chrono Boost)  
  19  1:40  Assimilator  
  19  1:44  Probe (Chrono Boost)  
  20  1:52  Pylon  
  20  1:56  Probe (Chrono Boost)  
  21  2:06  Probe (Chrono Boost)  
  22  2:12  Assimilator  
  22  2:17  Adept  
  22  2:18  Probe (Chrono Boost)  
  24  2:23  Warp Gate  
  24  2:33  Mothership Core (Chrono Boost)  
  26  2:45  Gateway, Pylon  
  26  2:48  Probe (Chrono Boost)  
  27  3:00  Probe (Chrono Boost)  
  28  3:12  Probe (Chrono Boost)  
  29  3:13  Probe (Chrono Boost)  
  29  3:19  Robotics Facility  
  30  3:24  Probe (Chrono Boost)  
  30  3:40  Adept  
  29  3:42  Adept  
  29  3:46  Probe (Chrono Boost)  
  31  4:04  Probe (Chrono Boost)  
  31  4:05  Probe (Chrono Boost)  
  33  4:11  Robotics Bay  
  33  4:25  Probe (Chrono Boost)  
  33  4:26  Probe (Chrono Boost)  
  35  4:32  Adept  
  35  4:33  Adept  
  35  4:37  Probe (Chrono Boost)  
  41  4:39  Probe (Chrono Boost)  
  41  4:51  Probe (Chrono Boost)  
  42  4:55  Gateway  
  42  4:57  Pylon  
  42  5:04  Probe (Chrono Boost)  
  42  5:05  Probe (Chrono Boost)  
  44  5:07  Assimilator  
  44  5:18  Colossus  
  50  5:24  Assimilator  
  50  5:33  Probe (Chrono Boost)  
  50  5:34  Probe (Chrono Boost)  
  52  5:47  Probe (Chrono Boost)  
  53  5:50  Stalker x2  
  53  5:55  Probe (Chrono Boost)  
  58  5:59  Probe (Chrono Boost)  
  58  6:03  Pylon  
  57  6:09  Probe (Chrono Boost)  
  57  6:11  Probe (Chrono Boost)  
  59  6:25  Pylon  
  59  6:46  Adept x2  
  61  6:47  Adept  
  55  7:00  Probe (Chrono Boost)  
  52  7:01  Probe (Chrono Boost)  
  52  7:05  Twilight Council  
  52  7:11  Probe (Chrono Boost)  
  52  7:14  Probe (Chrono Boost)  
  52  7:15  Stalker x3  
  60  7:16  Nexus  
  60  7:17  Pylon  
  60  7:19  Pylon  
  60  7:21  Probe (Chrono Boost)  
  61  7:28  Probe (Chrono Boost)  
  61  7:29  Forge  
  62  7:32  Probe (Chrono Boost)  
  63  7:42  Templar Archives  
  63  7:48  Pylon  
  63  7:52  Pylon  
  63  7:53  Probe (Chrono Boost)  
  63  7:55  Probe (Chrono Boost)  
  65  8:03  Photon Cannon  
  65  8:05  Photon Cannon  
  65  8:07  Photon Cannon  
  65  8:09  Photon Cannon  
  65  8:11  Gateway, Photon Cannon  
  65  8:12  Gateway  
  65  8:17  Psionic Storm  
  64  8:21  Observer Gravitic Boosters  
  64  8:23  Observer  
  65  8:38  High Templar x2  
  65  8:39  High Templar  
  72  8:43  Probe (Chrono Boost)  
  72  8:45  Observer, Robotics Facility  
  73  8:49  Robotics Facility  
  73  8:53  Probe x2 (Chrono Boost)  
  73  8:55  Probe (Chrono Boost)  
  76  9:05  Assimilator  
  76  9:07  Assimilator  
  76  9:10  Pylon  
  76  9:17  High Templar  
  76  9:18  High Templar  
  76  9:20  Stalker x3  
  76  9:22  Probe x2 (Chrono Boost)  
  76  9:24  Probe (Chrono Boost)  
  89  9:34  Observer  
  89  9:36  Disruptor, Probe (Chrono Boost)  
  89  9:37  Immortal  
  98  9:41  Stalker  
  100  9:49  Probe x2 (Chrono Boost)  
  100  9:51  Probe (Chrono Boost)  
  103  9:55  Charge  
  103  9:56  Immortal  
  108  10:00  Probe (Chrono Boost)  
  108  10:03  Probe (Chrono Boost)  
  109  10:08  Immortal  
  113  10:30  Immortal  
  113  10:31  Immortal  
  113  10:33  Zealot x3, High Templar  
  113  10:34  Zealot  
  127  10:40  Pylon  
  131  10:53  Immortal  
  131  11:02  Nexus  
  135  11:05  Pylon  
  135  11:08  Pylon  
  135  11:11  Assimilator  
  135  11:15  Assimilator  
  128  11:45  Archon x2  
  128  11:46  Archon  
  124  11:58  High Templar x2  
  124  11:59  High Templar x3  
Show
View Real Time Build Order
Export as new Build Order

PassiveFist Zerg 

Build Orders: Pool First 

Get SALT Encoding   

  12  0:02  Drone  
  13  0:08  Drone  
  13  0:13  Extractor  
  13  0:16  Drone  
  14  0:24  Overlord  
  14  0:42  Drone x2  
  16  0:45  Drone  
  17  0:57  Drone  
  18  1:01  Spawning Pool  
  17  1:06  Drone  
  18  1:28  Hatchery  
  17  1:47  Zergling x2  
  17  1:48  Metabolic Boost, Zergling x4  
  20  1:59  Zergling x2  
  21  2:20  Zergling x2  
  22  2:23  Overlord  
  22  2:40  Zergling x4  
  24  2:44  Zergling x2  
  25  2:54  Zergling x4  
  25  2:55  Baneling Nest  
  26  3:03  Zergling x2  
  25  3:05  Zergling x2  
  24  3:13  Zergling x2  
  24  3:15  Zergling x2  
  24  3:17  Queen  
  24  3:19  Queen  
  30  3:32  Zergling x4  
  30  3:36  Zergling x4  
  31  3:45  Zergling x2  
  31  3:48  Zergling x2  
  28  3:58  Zergling x4  
  30  4:05  Lair  
  30  4:12  Roach Warren, Zergling x4  
  29  4:20  Drone x2  
  30  4:37  Drone x4  
  30  4:38  Drone  
  35  4:42  Overlord  
  35  4:47  Baneling x5  
  35  4:48  Baneling x2  
  35  5:04  Zergling x2  
  35  5:05  Zergling x10  
  41  5:11  Zergling x4  
  43  5:20  Hydralisk Den  
  42  5:36  Extractor, Drone  
  42  5:38  Extractor  
  42  5:39  Overlord x3  
  42  5:40  Drone  
  42  5:44  Extractor  
  39  5:52  Spine Crawler  
  37  6:07  Drone x3  
  37  6:09  Overlord  
  40  6:27  Hydralisk x2  
  40  6:30  Drone  
  45  6:33  Drone  
  34  6:55  Hydralisk x3  
  34  6:59  Drone  
  36  7:02  Drone  
  37  7:10  Drone x2  
  37  7:11  Drone  
  40  7:22  Muscular Augments  
  40  7:27  Roach  
  42  7:37  Hydralisk  
  42  7:39  Drone  
  42  7:42  Drone  
  46  7:52  Drone x2  
  46  7:53  Drone  
  46  7:55  Drone  
  46  7:58  Drone  
  51  8:05  Glial Reconstitution  
  51  8:08  Drone  
  51  8:12  Drone  
  53  8:25  Hydralisk  
  53  8:26  Hydralisk  
  57  8:27  Roach  
  57  8:29  Drone  
  57  8:30  Drone  
  61  8:36  Hydralisk  
  61  8:38  Overseer  
  63  8:44  Evolution Chamber  
  63  8:45  Evolution Chamber  
  63  8:46  Drone  
  62  8:52  Hydralisk  
  62  8:54  Roach  
  66  8:57  Overseer  
  66  9:16  Roach  
  68  9:17  Hydralisk, Hatchery  
  69  9:26  Roach x2  
  69  9:27  Drone  
  74  9:31  Zerg Missile Weapons Level 1  
  74  9:39  Zerg Ground Armor Level 1  
  74  9:43  Roach  
  76  9:50  Overlord  
  76  9:51  Overlord  
  76  10:10  Hydralisk  
  76  10:11  Roach x2  
  76  10:12  Drone, Spire  
  76  10:13  Drone  
  83  10:14  Drone  
  83  10:17  Drone  
  85  10:26  Queen  
  87  10:33  Drone x2  
  89  10:37  Hydralisk  
  89  10:39  Drone  
  89  10:40  Drone  
  89  10:42  Drone  
  94  10:43  Drone  
  94  10:48  Spore Crawler, Drone  
  94  10:49  Drone  
  96  10:51  Drone  
  96  10:52  Drone  
  98  11:06  Spore Crawler  
  98  11:07  Overlord  
  98  11:08  Overlord x3  
  97  11:25  Mutalisk x3  
  97  11:27  Mutalisk x4  
  97  11:29  Mutalisk  
  109  11:36  Zergling x8  
  109  11:37  Zergling x4  
  101  11:42  Roach, Mutalisk  
  77  11:52  Mutalisk  
  77  11:53  Mutalisk  
Tags
 
Add a new tag
Caveats
  • Supply blocks, unpowered buildings, or Contaminate may cause inaccurate times.
  • Supply counts are checked every 10 seconds.